 Dungeon Crawl Stone Soup version 0.29.0-4-gdea44cf6ec (webtiles) character file.

Game seed: 11589920444748313655

76 qw the Chopper (level 4, 0/26 HPs)
             Began as a Tengu Warper on Aug 28, 2022.
             Slain by a hobgoblin (2 damage)
             ... on level 3 of the Dungeon.
             The game lasted 00:00:13 (2658 turns).

qw the Chopper (Tengu Warper)                       Turns: 2658, Time: 00:00:13

Health: 0/26       AC:  3    Str: 14    XL:     4   Next: 32%
Magic:  8/8        EV: 12    Int: 13    God:
Gold:   57         SH:  0    Dex: 13    Spells: 7/7 levels left

rFire   . . .      SeeInvis .   Y - +0 hand axe
rCold   . . .      Faith    .   (no shield)
rNeg    . . .      Spirit   .   b - +0 leather armour
rPois   .          Reflect  .   (helmet restricted)
rElec   .          Harm     .   (no cloak)
rCorr   .          Rampage  .   (no gloves)
Will    .....                   (boots unavailable)
Stlth   +.........              (no amulet)
HPRegen 0.08/turn               (no ring)
MPRegen 0.11/turn               (no ring)

@: no status effects
A: beak, talons 3
a: no special abilities


You were on level 3 of the Dungeon.
You visited 1 branch of the dungeon, and saw 3 of its levels.

You collected 57 gold pieces.


Innate Abilities, Weirdness & Mutations

You have a beak for a mouth.
You have claws for feet.


   Skills:
 - Level 2.0 Fighting
 + Level 4.9 Axes
 - Level 1.0 Throwing
 - Level 1.1 Armour
 - Level 2.1 Dodging
 - Level 2.0 Spellcasting
 - Level 2.4 Translocations


You had 7 spell levels left.
You didn't know any spells.
Your spell library contained the following spells:

 Spells                   Type           Power      Damage    Failure   Level
 Blink                    Tloc           14%        N/A       19%         2
 Gell's Gravitas          Tloc           7%         N/A       34%         3
 Lesser Beckoning         Tloc           7%         N/A       34%         3
 Teleport Other           Tloc           7%         N/A       34%         3
 Manifold Assault         Tloc           7%         N/A       97%         5

Inventory:

Hand Weapons
 i - a +0 flail
 Y - a +0 hand axe (weapon)
Armour
 b - a +0 leather armour (worn)
Scrolls
 a - a scroll of identify
 d - a scroll of vulnerability {unknown}
 e - a scroll of brand weapon {unknown}
Potions
 c - a potion of flight {unknown}
 f - a potion of haste
 g - a potion of mutation {unknown}
 h - a potion of degeneration {unknown}

Dungeon Overview and Level Annotations

Branches:
Dungeon (3/15)

Altars:


Message History

The orc hits you with a +0 dagger of speed.
The orc closely misses you.
You hit the orc.
The orc is severely wounded.
You hit the hobgoblin. The orc misses you. The hobgoblin closely misses you.
You barely miss the hobgoblin. Your kick misses the hobgoblin.
The hobgoblin is almost dead.
You hit the orc. The orc barely misses you. The hobgoblin barely misses you.
The orc barely misses you.
You hit the orc.
You kill the orc!
You hit the hobgoblin but do no damage. The hobgoblin misses you.
You closely miss the hobgoblin. Your kick misses the hobgoblin.
You peck the hobgoblin, but do no damage.
The hobgoblin is almost dead.
You barely miss the hobgoblin. The hobgoblin completely misses you.
The hobgoblin barely misses you.
You barely miss the hobgoblin. Your kick misses the hobgoblin.
Your peck misses the hobgoblin.
The hobgoblin is almost dead.
You hit the hobgoblin. The hobgoblin hits you.
The hobgoblin closely misses you.
You barely miss the hobgoblin. Your peck misses the hobgoblin.
The hobgoblin is almost dead.
You hit the hobgoblin. The hobgoblin barely misses you. The hobgoblin hits you.
You hit the hobgoblin but do no damage. Your kick misses the hobgoblin.
You peck the hobgoblin.
You kill the hobgoblin!
You barely miss the hobgoblin. The hobgoblin hits you.
You hit the hobgoblin.
You claw the hobgoblin, but do no damage.
Your peck misses the hobgoblin.
The hobgoblin is almost dead.
The hobgoblin hits you.
You die...

#.# #.#..#........
####.###...##........
#........####........
#.##.###.####........ ##
#. #.# #...##........
...#.##.# ###.##.)......
......#.#####........#..
#..................###.
###.#)@.#.....%..#...#.
# #g)>.......%.###...
#.###........# #.# ..
............ ..
....##.......#### . ....
###...... ..#.. #.###..
...... #. #.#


You could see a hobgoblin.

Vanquished Creatures
  An adder (D:3)
  A worm (D:2)
  6 dart slugs
  4 orcs (D:3)
  3 endoplasms
  A giant cockroach (D:1)
  4 hobgoblins
  2 jackals (D:2)
  8 kobolds
  2 quokkas
  5 ball pythons
  2 bats (D:1)
  3 frilled lizards (D:1)
  3 goblins
  5 rats
50 creatures vanquished.

Vanquished Creatures (others)
  14 plants (D:1)
14 creatures vanquished.

Grand Total: 64 creatures vanquished

Notes
Turn   | Place    | Note
-------+----------+-------------------------------------------
     0 | D:1      | qw the Tengu Warper began the quest for the Orb.
     0 | D:1      | Reached XP level 1. HP: 12/12 MP: 4/4
     0 | D:1      | 0 ||| qw: Version: 0.1-a-89-g26bdef1
     0 | D:1      | 0 ||| qw: Game counter: 1591
     0 | D:1      | 0 ||| qw: Always use a shield: true
     0 | D:1      | 0 ||| qw: God list: Okawaru
     0 | D:1      | 0 ||| qw: Allow faded altars: false
     0 | D:1      | 0 ||| qw: Do Orc after D:15 true
     0 | D:1      | 0 ||| qw: Do second Lair branch before Depths: true
     0 | D:1      | 0 ||| qw: Lair rune preference: random
     0 | D:1      | 0 ||| qw: Plans: Normal
     0 | D:1      | 0 ||| PLANNING D:1-11
    22 | D:1      | 22 ||| Stepping ~*~*~tactically~*~*~ (stealth).
    24 | D:1      | 24 ||| Stepping ~*~*~tactically~*~*~ (stealth).
    26 | D:1      | 26 ||| Stepping ~*~*~tactically~*~*~ (stealth).
   141 | D:1      | 141 ||| Stepping ~*~*~tactically~*~*~ (hiding).
   298 | D:1      | Reached skill level 3 in Axes
   298 | D:1      | Reached XP level 2. HP: 17/17 MP: 6/6
   357 | D:1      | 357 ||| Stepping ~*~*~tactically~*~*~ (stealth).
   365 | D:1      | 365 ||| Stepping ~*~*~tactically~*~*~ (hiding).
   615 | D:1      | 615 ||| Stepping ~*~*~tactically~*~*~ (stealth).
   617 | D:1      | 617 ||| Stepping ~*~*~tactically~*~*~ (stealth).
   627 | D:1      | 627 ||| Stepping ~*~*~tactically~*~*~ (stealth).
   713 | D:1      | 713 ||| Stepping ~*~*~tactically~*~*~ (stealth).
   716 | D:1      | Reached XP level 3. HP: 21/21 MP: 7/7
   717 | D:1      | 717 ||| Stepping ~*~*~tactically~*~*~ (stealth).
   720 | D:1      | 720 ||| Stepping ~*~*~tactically~*~*~ (stealth).
   722 | D:1      | 722 ||| Stepping ~*~*~tactically~*~*~ (stealth).
   801 | D:1      | 801 ||| Stepping ~*~*~tactically~*~*~ (stealth).
   803 | D:1      | 803 ||| Stepping ~*~*~tactically~*~*~ (stealth).
  1283 | D:1      | Found a faded altar of an unknown god.
  1318 | D:1      | 1318 ||| READING 2 scrolls labelled IZU EVEILE.
  1319 | D:1      | 1319 ||| READING scroll labelled XUYMOL NOTIGH.
  1320 | D:1      | 1320 ||| READING 2 scrolls labelled MEMEME WUGGE.
  1321 | D:1      | 1321 ||| READING scroll labelled HANEOV XASUM.
  1322 | D:1      | 1322 ||| DROPPING scroll of blinking.
  1323 | D:1      | 1323 ||| DROPPING scroll of poison.
  1324 | D:1      | 1324 ||| Stepping randomly (stuck).
  1325 | D:1      | 1325 ||| Stepping ~*~*~tactically~*~*~ (cloud).
  1482 | D:2      | Reached skill level 4 in Axes
  2282 | D:2      | 2282 ||| Stepping ~*~*~tactically~*~*~ (stealth).
  2285 | D:2      | 2285 ||| Stepping ~*~*~tactically~*~*~ (stealth).
  2286 | D:2      | 2286 ||| Stepping ~*~*~tactically~*~*~ (stealth).
  2288 | D:2      | 2288 ||| Stepping ~*~*~tactically~*~*~ (stealth).
  2290 | D:2      | 2290 ||| Stepping ~*~*~tactically~*~*~ (stealth).
  2292 | D:2      | 2292 ||| Stepping ~*~*~tactically~*~*~ (stealth).
  2294 | D:2      | 2294 ||| Stepping ~*~*~tactically~*~*~ (stealth).
  2296 | D:2      | 2296 ||| Stepping ~*~*~tactically~*~*~ (stealth).
  2300 | D:2      | 2300 ||| Stepping ~*~*~tactically~*~*~ (stealth).
  2444 | D:2      | 2444 ||| DROPPING +6 ring of intelligence.
  2445 | D:2      | 2445 ||| READING 2 scrolls labelled GOASMEGEOG.
  2446 | D:2      | 2446 ||| READING 2 scrolls of identify.
  2446 | D:2      | 2446 ||| IDENTIFYING sapphire potion
  2447 | D:2      | 2447 ||| DROPPING scroll of noise.
  2513 | D:3      | 2513 ||| STAIRDANCE
  2598 | D:3      | Reached XP level 4. HP: 26/26 MP: 8/8
  2605 | D:3      | 2605 ||| DROPPING +0 whip.
  2656 | D:3      | HP: 4/26 [hobgoblin (3)]
  2658 | D:3      | Slain by a hobgoblin

Levels and vault maps discovered:
D:1:      giann_bridges, layout_basic, shapermc_ecumenical_altar_mp_vishouse,
          lexackson_kobold_supper
D:2:      layout_loops_corners, feat_on_display
D:3:      layout_rooms

Skill      XL: |  1  2  3 |
---------------+----------+-----
Axes           | 3 4 |  4.9
Fighting       | |  2.0
Throwing       | |  1.0
Armour         | |  1.1
Dodging        | |  2.1
Spellcasting   | |  2.0
Translocations | |  2.4

Action                   |  1- 3 |  4- 6 || total
-------------------------+-------+-------++-------
Melee: Hand axe          |    84 |    18 ||   102
       Kick              |    19 |     3 ||    22
       Peck              |    12 |     4 ||    16
       Punch             |     1 |       ||     1
Throw: Boomerang         |     7 |       ||     7
  Use: Scroll            |     6 |       ||     6
Armor: Leather armour    |    15 |     1 ||    16
Dodge: Dodged            |    39 |    20 ||    59

Table legend:
 A = Non-vault XP
 B = Vault XP
 C = Vault XP percentage of total XP
 D = Non-vault monster count
 E = Vault monster count
 F = Vault count percentage of total count
                 A         B        C        D         E       F
            +---------+---------+-------+---------+---------+-------
      Total |     100 |       9 |   8.3 |      42 |       8 |  16.0
            +---------+---------+-------+---------+---------+-------
        D:1 |      35 |       9 |  20.5 |      20 |       8 |  28.6
        D:2 |      27 |       0 |   0.0 |      11 |       0 |   0.0
        D:3 |      38 |       0 |   0.0 |      11 |       0 |   0.0
            +---------+---------+-------+---------+---------+-------
